 Dungeon Crawl Stone Soup version 0.27-a0-836-gfc908b8576 (webtiles) character file.

Game seed: 16127618501156367425

20 Lanoc the Caller (level 2, -2/20 HPs)
             Began as a Hill Orc Summoner on Apr 1, 2021.
             Slain by a hound (4 damage)
             ... on level 2 of the Dungeon.
             The game lasted 00:02:02 (1660 turns).

Lanoc the Caller (Hill Orc Summoner)                Turns: 1660, Time: 00:02:02

Health: -2/20      AC:  2    Str:  9 (10) XL:     2   Next: 79%
Magic:  1/4        EV: 12    Int: 14 (15) God:
Gold:   73         SH:  0    Dex:  9 (11) Spells: 1/4 levels left

rFire    . . .     SeeInvis .   d - +0 dagger
rCold    . . .     Faith    .   (no shield)
rNeg     . . .     Spirit   .   a - +0 robe
rPois    .         Reflect  .   (no helmet)
rElec    .         Harm     .   (no cloak)
rCorr    .         Rampage  .   (no gloves)
Will     .....                  (no boots)
Stlth    +.........             (no amulet)
HPRegen  0.06/turn              (no ring)
MPRegen  0.09/turn              (no ring)

@: no status effects
A: no striking features
a: no special abilities


You were on level 2 of the Dungeon.
You visited 1 branch of the dungeon, and saw 2 of its levels.

You collected 73 gold pieces.

Inventory:

Hand Weapons
 d - a +0 dagger (weapon)
Armour
 a - a +0 robe (worn)
Jewellery
 b - an amulet of regeneration
Potions
 e - a potion of might {unknown}
 f - a potion of heal wounds {unknown}


   Skills:
 + Level 2.0 Dodging
 - Level 1.5 Stealth
 - Level 1.5 Spellcasting
 * Level 4.5 Summonings


You had one spell level left.
You knew the following spells:

 Your Spells              Type           Power      Damage    Failure   Level
a - Summon Small Mammal   Summ           52%        N/A       3%          1
b - Call Imp              Summ           13%        N/A       6%          2

Your spell library contained the following spells:

 Spells                   Type           Power      Damage    Failure   Level
 Call Canine Familiar     Summ           13%        N/A       12%         3
 Summon Guardian Golem    Hex/Summ       7%         N/A       28%         3
 Summon Ice Beast         Ice/Summ       7%         N/A       67%         4
 Summon Lightning Spire   Summ/Air       7%         N/A       67%         4


Dungeon Overview and Level Annotations

Branches:
Dungeon (2/15)

Altars:


Message History

The jackal bites you.
* * * LOW HITPOINT WARNING * * *
The hound barely misses your crimson imp.
Your crimson imp closely misses the hound.
The hound bites your crimson imp.
Your crimson imp blinks!
The jackal bites you but does no damage.
You barely miss the jackal.
The jackal is lightly wounded.
The jackal barely misses you. The jackal closely misses you.
You closely miss the jackal.
The jackal is lightly wounded.
The jackal bites you but does no damage.
You hit the jackal.
The jackal is heavily wounded.
The jackal bites you but does no damage.
Your crimson imp blinks!
Something bites your crimson imp.
You hit the jackal but do no damage.
The jackal is heavily wounded.
Something misses your crimson imp. Something bites your crimson imp. x2
Your crimson imp hits the jackal.
Casting: Call Imp (safe; 5% risk of failure)
Confirm with . or Enter, or press ? or * to list all spells.
You don't have enough magic to cast this spell.
Something bites your crimson imp.
The jackal closely misses your crimson imp.
Something misses your crimson imp.
Your crimson imp hits the jackal.
The jackal dies!
You miss the hound.
The hound is lightly wounded.
The hound completely misses you. Something bites your crimson imp.
Something misses your crimson imp. The hound bites you.
* * * LOW HITPOINT WARNING * * *
Something closely misses your crimson imp.
It was a potion of degeneration.
There was something very wrong with that liquid.
You feel weakened.
You feel dopey.
You feel clumsy. The hound bites you.
You die...

#......# #....#.#
#.#+##.# .......#.#.
#.# .......#.#. #รท#
....... #.##.# .......
..#.# ....... #.#.#
....... #@#.#
......h#+##h#.# .
..........#5#.####...#
#####..5h.h...........
#....!...#.......#
#................#
#................#
...................+
...5.#.#...........#


You could see a hound (ally target), a jackal and a friendly crimson imp
(summoned).

Vanquished Creatures
  An endoplasm (D:1)
  3 hobgoblins
  A quokka (D:1)
  A ball python (D:1)
  3 frilled lizards
  3 rats
12 creatures vanquished.

Vanquished Creatures (collateral kills)
  A dart slug (D:1)
  An endoplasm (D:1)
  A goblin (D:1)
  A hobgoblin (D:1)
  A jackal (D:2)
  A kobold (D:1)
  A quokka (D:1)
  2 rats (D:1)
9 creatures vanquished.

Grand Total: 21 creatures vanquished

Notes
Turn   | Place    | Note
-------+----------+-------------------------------------------
     0 | D:1      | Lanoc the Hill Orc Summoner began the quest for the Orb.
     0 | D:1      | Reached XP level 1. HP: 14/14 MP: 3/3
   498 | D:1      | Reached XP level 2. HP: 18/20 MP: 0/4
   501 | D:1      | Learned a level 2 spell: Call Imp
  1660 | D:2      | Slain by a hound

Illustrated notes

Levels and vault maps discovered:
D:1:      mainiacjoe_arrival_reflecting_pool, layout_rooms, interstate_on_off
D:2:      layout_basic, serial_shops, nicolae_shop_waterfront

Skill      XL: |  1  2 |
---------------+-------+-----
Dodging        | 2 |  2.0
Stealth        | |  1.5
Spellcasting   | |  1.5
Summonings     | |  4.5

Action                   || total
-------------------------++-------
Melee: Unarmed           ||    61
       Dagger            ||    46
 Cast: Summon Small Mamm ||    14
       Call Imp          ||     9
  Use: Potion            ||     1
 Stab: Sleeping          ||     1
Armor: Robe              ||    10
Dodge: Dodged            ||    63

Table legend: (Time is in decaauts)
 A = Elapsed time spent in this place.
 B = Non-inter-level travel time spent in this place.
 C = Inter-level travel time spent in this place.
 D = Time resting spent in this place.
 E = Time spent auto-exploring this place.
 F = Levels seen in this place.
 G = Mean time per level.
                   A        B        C        D        E       F      G
               +--------+--------+--------+--------+--------+-----+--------+
         Total |   1659 |   1638 |     21 |      0 |   1389 |   2 |  829.5 |
       Dungeon |   1659 |   1638 |     21 |      0 |   1389 |   2 |  829.5 |
               +--------+--------+--------+--------+--------+-----+--------+

Top non-repeatable levels by time:
     D:1: 1283 daAuts
     D:2: 375 daAuts
